 Dungeon Crawl Stone Soup version 0.20-a0-351-gc9b4002 (webtiles) character file.

745 Ijustatesigmund the Cleaver (level 7, -12/64 HPs)
             Began as a Hill Orc Monk on Dec 25, 2016.
             Killed from afar by azzavlup's ghost (29 damage)
             ... with a bolt of negative energy
             ... on level 4 of the Dungeon.
             The game lasted 00:09:03 (5085 turns).

Ijustatesigmund the Cleaver (Hill Orc Monk)         Turns: 5085, Time: 00:09:04

Health: -12/64     AC: 11    Str: 15    XL:     7   Next: 76%
Magic:  7/7        EV:  7    Int: 10    God:
Gold:   202        SH:  0    Dex: 14    Spells: 6/6 levels left

rFire  . . .     SeeInvis .     a - +1 hand axe
rCold  + . .     Gourm    .     b - +0 chain mail
rNeg   . . .     Faith    .     (no shield)
rPois  +         Spirit   .     (no helmet)
rElec  .         Reflect  .     m - +1 cloak {MR+}
rCorr  +         Harm     .     (no gloves)
MR     +....                    (no boots)
Stlth  ..........               (no amulet)
                                i - ring of protection from cold
                                e - ring of resist corrosion

@: very slightly contaminated, heavily drained, invisible
A: poison resistance
a: no special abilities


You were on level 4 of the Dungeon.
You were hungry.

You visited 1 branch of the dungeon, and saw 5 of its levels.

You collected 202 gold pieces.

Inventory:

Hand Weapons
 a - a +1 hand axe (weapon)
Armour
 b - a +0 chain mail (worn)
 m - a +1 cloak of magic resistance (worn)
Jewellery
 e - a ring of resist corrosion (left hand)
 i - a ring of protection from cold (right hand)
Wands
 l - a wand of digging (8/24)
Scrolls
 g - 3 scrolls of teleportation
 n - 2 scrolls of identify
Potions
 k - a potion of brilliance
Comestibles
 c - 3 bread rations
 f - 2 meat rations
 j - 3 fruits


   Skills:
 + Level 6.7(5.4) Fighting
 + Level 8.1(6.9) Axes
 + Level 4.3(3.1) Armour
 - Level 2.4(1.3) Dodging
 - Level 1.5(0.5) Stealth


You had 6 spell levels left.
You didn't know any spells.

Dungeon Overview and Level Annotations

Branches:
Dungeon (5/15)             Temple (0/1) D:4

Altars:
Cheibriados
Dithmenos
Kikubaaqudgha
Nemelex Xobeh
Qazlal
Sif Muna
Xom

Annotations:
D:4 Blork the orc; azzavlup's ghost, novice DrTm
D:5 azzavlup's ghost, amateur DrTm


Innate Abilities, Weirdness & Mutations

Your system is resistant to poisons. (rPois)


Message History

You hit azzavlup's ghost but do no damage.
Azzavlup's ghost is severely damaged.
Azzavlup's ghost closely misses you.
You hit azzavlup's ghost but do no damage.
Azzavlup's ghost is severely damaged.
Azzavlup's ghost hits you.
* * * LOW HITPOINT WARNING * * *
You hit azzavlup's ghost but do no damage.
Azzavlup's ghost is severely damaged.
Azzavlup's ghost barely misses you.
You closely miss azzavlup's ghost.
Azzavlup's ghost is severely damaged.
Azzavlup's ghost feints to the right.
Azzavlup's ghost barely misses you.
All of the chunks of flesh in your inventory have rotted away.
You closely miss azzavlup's ghost.
Azzavlup's ghost is severely damaged.
Azzavlup's ghost breathes negative energy at you.
The bolt of negative energy hits you!
You feel drained.
You die...

###..........### #.#
#..........[# #.#
####...........# ####.#
#......8.8.8.8.# ..#..#
#.##.########### #.#.##
#>##.# #....#### #.#.#
#.#######........# #.#.#
#.###...#.?.....W# #.#.#
#...#._.# #....#@###.#.#
#####...###........(.#.#
##.......###.##....(((#
##.........## #########
#....≈≈≈....#
#...≈≈≈≈≈...#######
...≈≈.(.≈≈...#....#
...≈≈.>.≈≈...####.# ###
...≈≈.{.≈≈...# #.# ##^##


You could see azzavlup's ghost.

Vanquished Creatures
  Duvessa (D:4)
  Dowan (D:4)
  A scorpion (D:4)
  A howler monkey (D:4)
  2 vampire bats (D:3)
  A bullfrog skeleton (D:4)
  Crazy Yiuf (D:4)
  3 worker ants (D:4)
  An iguana (D:4)
  2 orc wizards (D:3)
  6 adders
  3 gnolls (D:3)
  An adder skeleton (D:4)
  A worm (D:3)
  A dart slug (D:1)
  4 leopard geckos
  18 orcs
  A ball python (D:2)
  3 bat skeletons (D:3)
  A bat zombie (D:3)
  4 giant cockroaches
  14 goblins
  9 hobgoblins
  4 jackals (D:4)
  7 kobolds
  8 bats
  5 frilled lizards
  12 rats
  2 plants (D:1)
118 creatures vanquished.

Vanquished Creatures (others)
  An orc (D:4)
1 creature vanquished.

Grand Total: 119 creatures vanquished

Notes
Turn   | Place    | Note
-------+----------+-------------------------------------------
     0 | D:1      | Ijustatesigmund the Hill Orc Monk began the quest for the Orb.
     0 | D:1      | Reached XP level 1. HP: 19/19 MP: 1/1
     6 | D:1      | Noticed a six-headed hydra
     6 | D:1      | Noticed a lindwurm
     6 | D:1      | Noticed a hog
     6 | D:1      | Noticed a salamander
     6 | D:1      | Noticed a worker ant
   107 | D:1      | Reached XP level 2. HP: 19/27 MP: 2/2
   684 | D:1      | Reached XP level 3. HP: 33/33 MP: 3/3
   738 | D:1      | Reached skill level 5 in Axes
  1214 | D:2      | Gained mutation: Your system is resistant to poisons. (rPois) [potion of beneficial mutation]
  1274 | D:2      | Reached XP level 4. HP: 25/41 MP: 4/4
  1594 | D:2      | Found a stormy altar of Qazlal.
  1594 | D:2      | Noticed an air elemental
  1595 | D:2      | Noticed an earth elemental
  1595 | D:2      | Noticed a water elemental
  1595 | D:2      | Noticed a fire elemental
  1896 | D:3      | Reached skill level 6 in Axes
  1896 | D:3      | Reached skill level 1 in Armour
  1914 | D:3      | Reached XP level 5. HP: 39/47 MP: 5/5
  2401 | D:3      | Found a snail-covered altar of Cheibriados.
  2418 | D:3      | Reached skill level 5 in Fighting
  2818 | D:3      | Found an ancient bone altar of Kikubaaqudgha.
  2828 | D:3      | Reached XP level 6. HP: 53/56 MP: 6/6
  2889 | D:4      | Found a shimmering altar of Xom.
  2889 | D:4      | Noticed azzavlup's ghost (novice DrTm)
  3061 | D:4      | Reached skill level 7 in Axes
  3286 | D:5      | Entered Level 5 of the Dungeon
  3286 | D:5      | Noticed azzavlup's ghost (amateur DrTm)
  3633 | D:4      | Noticed Blork the orc
  3641 | D:4      | Found a deep blue altar of Sif Muna.
  4006 | D:4      | Found a staircase to the Ecumenical Temple.
  4010 | D:4      | Found a shadowy altar of Dithmenos.
  4018 | D:4      | Reached XP level 7. HP: 52/62 MP: 7/7
  4019 | D:4      | Found a sparkling altar of Nemelex Xobeh.
  4470 | D:4      | Found a runed door.
  4474 | D:4      | Noticed Crazy Yiuf
  4483 | D:4      | Killed Crazy Yiuf
  4801 | D:4      | Noticed Duvessa
  4821 | D:4      | Killed Duvessa
  4821 | D:4      | Reached skill level 8 in Axes
  4822 | D:4      | Noticed Dowan
  4842 | D:4      | Killed Dowan
  5085 | D:4      | Killed from afar by azzavlup's ghost

Vault maps used:
D:1:      onia_arrival_zoo_common, serial_bayou_lagoon_a, solitary_fountain
D:2:      first_bread, nicolae_qazlal_style_of_elements
D:3:      kennysheep_vampire_church, lemuel_round_altar
D:4:      kennysheep_the_goblin_king, tgw_sif, gammafunk_temple_overflow_statue,
          xom_teletrap_fun, uniq_crazy_yiuf_cottage, uniq_duvessa
D:5:      nicolae_overflow_crystal_walls, gammafunk_temple_overflow_claw,
          uniq_blork_the_orc

Skill      XL: |  1  2  3  4  5  6  7 |
---------------+----------------------+-----
Fighting       | 4 5 6 |  6.7
Axes           | 5 6 7 8 |  8.1
Armour         | 1 2 3 4 |  4.3
Dodging        | |  2.4
Stealth        | |  1.5

Action                   |  1- 3 |  4- 6 |  7- 9 || total
-------------------------+-------+-------+-------++-------
Melee: Hand axe          |   241 |   226 |   170 ||   637
Throw: Tomahawk          |       |     2 |       ||     2
  Use: Scroll            |     2 |     2 |     3 ||     7
       Potion            |     1 |     1 |     3 ||     5
 Stab: Sleeping          |     2 |       |       ||     2
       Invisible         |       |       |     1 ||     1
  Eat: Chunk             |     2 |     6 |     3 ||    11
       Fruit             |       |     3 |       ||     3
Armor: Robe              |     6 |       |       ||     6
       Chain mail        |    45 |   123 |    68 ||   236
Dodge: Dodged            |    69 |    80 |    62 ||   211
